LOS ANGELES Kings vs DALLAS Stars

Created - 6 mars 2024 at 11:01

Goals
1 2 3 T
LOS ANGELES Kings 0 0 2 2
DALLAS Stars 1 0 0 1
Shots
1 2 3 T
LOS ANGELES Kings 10 8 13 31
DALLAS Stars 13 10 8 31

1st period

1. DALLAS Stars , Peyton Krebs 10 (Sonny Milano 14, Marc-Edouard Vlasic 24) at 18:10

Penalties :
Aliaksei Protas (DAL) for Slashing (Minor) at 5:39

2nd period

No Goal

Penalties :
Mark Stone (LAK) for Roughing (Minor) at 9:21, Jonathan Huberdeau (LAK) for Hooking (Minor) at 19:03

3rd period

2. LOS ANGELES Kings , Carl Grundstrom 3 (Rasmus Andersson 24, Oskar Sundqvist 6) at 7:25
3. LOS ANGELES Kings , Mitchell Marner 19 (Anze Kopitar 18, Jonathan Huberdeau 16) at 17:39 (PP)

Penalties :
Marc-Edouard Vlasic (DAL) for Holding (Minor) at 2:48, Conor Timmins (DAL) for Cross-checking (Minor) at 9:18, Dominik Kubalik (LAK) for Roughing (Minor) at 13:56, Aliaksei Protas (DAL) for High sticking (Minor) at 16:21, Conor Timmins (DAL) for Cross-checking (Minor) at 19:10

Goalie Stats

Vitek Vanecek (LAK), 30 saves from 31 shots - (0,968), W, 18-17-2, 60:00 minutes
Matthew Villalta (DAL), 29 saves from 31 shots - (0,935), L, 3-17-0, 60:00 minutes

Players Stats for LOS ANGELES Kings

Player Name              G  A  P  +/- PIM S  H  SB GA TA FO     MP     PP MP  PK MP  
------------------------------------------------------------------------------------
Anze Kopitar             0  1  1   0  0   4  0  0  0  0  24/30  24:56   4:09   1:21 
Calle Rosen              0  0  0  -1  0   0  0  0  0  0  0/0    17:17   3:39   0:18 
Carl Grundstrom          1  0  1   1  0   3  0  0  0  0  1/1    12:53   0:00   0:00 
Dawson Mercer            0  0  0  -1  0   2  0  0  0  0  12/30  21:18   3:55   3:43 
Dominik Kubalik          0  0  0  -1  2   2  3  0  0  0  4/5    17:34   3:55   0:00 
Drew Doughty             0  0  0   1  0   3  1  0  0  0  0/0    24:23   4:25   2:36 
Hampus Lindholm          0  0  0   0  0   4  4  0  0  0  0/0    21:59   3:39   3:03 
Joel Kiviranta           0  0  0   0  0   2  0  0  0  0  0/0     3:27   0:00   0:00 
Jonathan Huberdeau       0  1  1   0  2   2  4  0  0  0  1/2    20:47   4:09   0:40 
Marc Staal               0  0  0   0  0   3  0  1  0  0  0/0    16:16   0:00   3:03 
Marcus Pettersson        0  0  0  -1  0   0  2  0  0  0  0/0    13:38   0:00   0:18 
Mark Stone               0  0  0  -1  2   0  1  0  0  0  0/1    17:34   3:55   0:00 
Mitchell Marner          1  0  1   0  0   3  1  0  0  0  0/0    21:45   4:09   1:37 
Oskar Sundqvist          0  1  1   1  0   0  1  0  0  0  4/14   13:11   0:00   0:18 
Parker Kelly             0  0  0   0  0   0  0  0  0  0  0/0     0:00   0:00   0:00 
Pierre Engvall           0  0  0   0  0   0  0  0  0  0  1/2     7:42   0:00   4:15 
Rasmus Andersson         0  1  1   1  0   3  0  2  0  0  0/0    26:27   4:25   2:36 
Rem Pitlick              0  0  0   1  0   0  1  0  0  0  1/1    12:53   0:00   0:00 

Players Stats for DALLAS Stars

Player Name              G  A  P  +/- PIM S  H  SB GA TA FO     MP     PP MP  PK MP  
------------------------------------------------------------------------------------
Alexander Radulov        0  0  0  -1  0   0  0  0  0  0  5/9    12:32   3:14   0:42 
Aliaksei Protas          0  0  0   0  4   1  0  1  0  0  0/0    16:10   3:17   3:27 
Andreas Johnsson         0  0  0  -1  0   0  0  0  0  0  0/1     8:36   0:00   0:00 
Brendan Gallagher        0  0  0   0  0   3  1  0  0  0  0/0    15:14   0:00   1:47 
Cal Clutterbuck          0  0  0  -1  0   4  1  0  0  0  0/0     8:36   0:00   0:00 
Conor Timmins            0  0  0   0  4   1  3  1  0  0  0/0    21:07   3:14   2:18 
Emil Bemstrom            0  0  0   0  0   4  0  0  0  0  0/2    16:57   2:40   0:50 
Jesperi Kotkaniemi       0  0  0   0  0   4  2  0  0  0  17/26  16:44   3:17   0:00 
Juuso Valimaki           0  0  0   0  0   2  2  1  0  0  0/0    24:00   2:43   3:40 
Marc-Edouard Vlasic      0  1  1   0  2   0  1  1  0  0  0/0    18:45   0:00   3:09 
Nicklas Backstrom        0  0  0   0  0   0  1  0  0  0  0/0    10:02   0:00   0:34 
Patrik Nemeth            0  0  0   0  0   1  1  1  0  0  0/0    14:24   0:00   1:39 
Paul Cotter              0  0  0   0  0   2  3  1  0  0  8/21   15:08   0:00   5:40 
Peyton Krebs             1  0  1   1  0   2  0  0  0  0  6/21   17:08   2:40   0:00 
Ryan Suter               0  0  0   0  0   3  2  3  0  0  0/0    20:20   2:43   0:00 
Sean Walker              0  0  0   0  0   0  1  3  0  0  0/0    18:07   0:00   5:22 
Sonny Milano             0  1  1   1  0   1  0  0  0  0  1/4    18:55   2:40   1:47 
Viktor Arvidsson         0  0  0   1  0   3  0  0  0  0  1/2    19:06   3:17   1:21 

3 Stars

1 - Vitek Vanecek (LAK)
2 - Carl Grundstrom (LAK)
3 - Mitchell Marner (LAK)

Power Play

LOS ANGELES Kings - 1 on 5 Attempt(s) - 20,00%
DALLAS Stars - 0 on 3 Attempt(s) - 0,00%

Penalty Kill

LOS ANGELES Kings - 3 on 3 Attempt(s) - 100,00% - Score 0 goal in Penalty Kill
DALLAS Stars - 4 on 5 Attempt(s) - 80,00% - Score 0 goal in Penalty Kill

Team Stat

LOS ANGELES Kings - Hits : 18 - Faceoff Wins : 48 - Blocked Shots : 3 - Penalty Minutes : 6
DALLAS Stars - Hits : 18 - Faceoff Wins : 38 - Blocked Shots : 12 - Penalty Minutes : 10

Official

Referees : Reid Anderson and Kelly Sutherland
Linesman : Erica Holmes and Cydnie Rice

Game Notes

No Game Note

Finance

Level 1 -- Attendance: 4320 (66,46%) -- Ticket Income $518,400
Level 2 -- Attendance: 3351 (55,85%) -- Ticket Income $227,868
Level 3 -- Attendance: 2264 (56,60%) -- Ticket Income $76,976
Level 4 -- Attendance: 2168 (48,18%) -- Ticket Income $65,040
Luxury Box -- Attendance: 686 (68,60%) -- Ticket Income $150,920
Game was played at the American Airlines Center.
Total Attendance: 12789 (58,13%)
Total Ticket Income: $1,039,204
Other Income: $259,801
Total Income: $1,299,005

LOS ANGELES Kings

5 vs 5 Forward 
   Center                   Left Wing                Right Wing               Time % Phy DF OF 
 1 Anze Kopitar             Jonathan Huberdeau       Mitchell Marner          40     1   2  2  
 2 Dawson Mercer            Dominik Kubalik          Mark Stone               30     1   2  2  
 3 Oskar Sundqvist          Carl Grundstrom          Rem Pitlick              20     2   2  1  
 4 Anze Kopitar             Pierre Engvall           Joel Kiviranta           10     1   2  2  

5 vs 5 Defense 
   Defense                  Defense                                           Time % Phy DF OF 
 1 Drew Doughty             Rasmus Andersson                                  40     1   2  2  
 2 Marc Staal               Hampus Lindholm                                   30     1   2  2  
 3 Marcus Pettersson        Calle Rosen                                       20     1   2  2  
 4 Hampus Lindholm          Rasmus Andersson                                  10     1   2  2  

PowerPlay Forward 
   Center                   Left Wing                Right Wing               Time % Phy DF OF 
 1 Anze Kopitar             Jonathan Huberdeau       Mitchell Marner          60     1   1  3  
 2 Dawson Mercer            Dominik Kubalik          Mark Stone               40     1   1  3  

PowerPlay Defense
   Defense                  Defense                                           Time % Phy DF OF 
 1 Drew Doughty             Rasmus Andersson                                  60     1   2  2  
 2 Calle Rosen              Hampus Lindholm                                   40     1   2  2  

Penalty Kill 4 Players Forward 
   Center                   Wing                     Time % Phy DF OF 
 1 Dawson Mercer            Pierre Engvall           60     1   3  1  
 2 Anze Kopitar             Mitchell Marner          40     1   3  1  

Penalty Kill 4 Players Defense
   Defense                  Defense                  Time % Phy DF OF 
 1 Drew Doughty             Rasmus Andersson         60     1   2  2  
 2 Hampus Lindholm          Marc Staal               40     1   2  2  

Penalty Kill - 3 Players Forward 
   Forward                                           Time % Phy DF OF 
 1 Dawson Mercer                                     60     1   3  1  
 2 Anze Kopitar                                      40     1   3  1  

Penalty Kill - 3 Players Defense
   Defense                  Defense                  Time % Phy DF OF 
 1 Drew Doughty             Rasmus Andersson         60     1   2  2  
 2 Marc Staal               Hampus Lindholm          40     1   2  2  

4 vs 4 Forward 
   Center                   Wing                     Time % Phy DF OF 
 1 Anze Kopitar             Mitchell Marner          60     1   2  2  
 2 Dawson Mercer            Jonathan Huberdeau       40     1   2  2  

4 vs 4 Defense
   Defense                  Defense                  Time % Phy DF OF 
 1 Drew Doughty             Rasmus Andersson         60     1   2  2  
 2 Marc Staal               Hampus Lindholm          40     1   2  2  

Last Minutes Offensive
   Center                   Left Wing                Right Wing               Defense                  Defense                  
   Anze Kopitar             Jonathan Huberdeau       Mitchell Marner          Drew Doughty             Hampus Lindholm          

Last Minutes Defensive
   Center                   Left Wing                Right Wing               Defense                  Defense                  
   Anze Kopitar             Jonathan Huberdeau       Mitchell Marner          Drew Doughty             Rasmus Andersson         

Goaltenders
Starting : Vitek Vanecek            
Backup : Kaapo Kahkonen           

Extra Forwards
Normal : Anze Kopitar, Mitchell Marner, Jonathan Huberdeau - PP : Anze Kopitar, Mitchell Marner - PK : Mitchell Marner
Extra Defensemen
Normal : Marcus Pettersson, Drew Doughty, Rasmus Andersson - PP : Marcus Pettersson - PK : Drew Doughty, Rasmus Andersson
Penalty Shots
Mitchell Marner, Jonathan Huberdeau, Mark Stone, Anze Kopitar, Dawson Mercer

Scratches
None

DALLAS Stars

5 vs 5 Forward 
   Center                   Left Wing                Right Wing               Time % Phy DF OF 
 1 Peyton Krebs             Viktor Arvidsson         Sonny Milano             35     1   2  2  
 2 Jesperi Kotkaniemi       Emil Bemstrom            Brendan Gallagher        30     1   2  2  
 3 Paul Cotter              Nicklas Backstrom        Aliaksei Protas          20     1   2  2  
 4 Alexander Radulov        Andreas Johnsson         Cal Clutterbuck          15     1   2  2  

5 vs 5 Defense 
   Defense                  Defense                                           Time % Phy DF OF 
 1 Juuso Valimaki           Ryan Suter                                        40     1   1  3  
 2 Marc-Edouard Vlasic      Conor Timmins                                     30     1   2  2  
 3 Sean Walker              Patrik Nemeth                                     20     2   2  1  
 4 Conor Timmins            Marc-Edouard Vlasic                               10     1   2  2  

PowerPlay Forward 
   Center                   Left Wing                Right Wing               Time % Phy DF OF 
 1 Jesperi Kotkaniemi       Viktor Arvidsson         Aliaksei Protas          60     1   2  2  
 2 Peyton Krebs             Sonny Milano             Emil Bemstrom            40     1   2  2  

PowerPlay Defense
   Defense                  Defense                                           Time % Phy DF OF 
 1 Juuso Valimaki           Ryan Suter                                        60     1   2  2  
 2 Alexander Radulov        Conor Timmins                                     40     1   1  3  

Penalty Kill 4 Players Forward 
   Center                   Wing                     Time % Phy DF OF 
 1 Paul Cotter              Aliaksei Protas          60     1   2  2  
 2 Sonny Milano             Brendan Gallagher        40     1   2  2  

Penalty Kill 4 Players Defense
   Defense                  Defense                  Time % Phy DF OF 
 1 Marc-Edouard Vlasic      Sean Walker              60     1   2  2  
 2 Conor Timmins            Juuso Valimaki           40     1   2  2  

Penalty Kill - 3 Players Forward 
   Forward                                           Time % Phy DF OF 
 1 Paul Cotter                                       60     1   2  2  
 2 Cal Clutterbuck                                   40     1   2  2  

Penalty Kill - 3 Players Defense
   Defense                  Defense                  Time % Phy DF OF 
 1 Marc-Edouard Vlasic      Ryan Suter               60     1   2  2  
 2 Sean Walker              Juuso Valimaki           40     1   2  2  

4 vs 4 Forward 
   Center                   Wing                     Time % Phy DF OF 
 1 Jesperi Kotkaniemi       Emil Bemstrom            60     1   2  2  
 2 Peyton Krebs             Brendan Gallagher        40     1   2  2  

4 vs 4 Defense
   Defense                  Defense                  Time % Phy DF OF 
 1 Marc-Edouard Vlasic      Juuso Valimaki           60     1   2  2  
 2 Conor Timmins            Ryan Suter               40     1   2  2  

Last Minutes Offensive
   Center                   Left Wing                Right Wing               Defense                  Defense                  
   Peyton Krebs             Jesperi Kotkaniemi       Aliaksei Protas          Conor Timmins            Juuso Valimaki           

Last Minutes Defensive
   Center                   Left Wing                Right Wing               Defense                  Defense                  
   Paul Cotter              Aliaksei Protas          Cal Clutterbuck          Marc-Edouard Vlasic      Ryan Suter               

Goaltenders
Starting : Matthew Villalta         
Backup : Carter Hart              

Extra Forwards
Normal : Aliaksei Protas, Peyton Krebs, Alexander Radulov - PP : Aliaksei Protas, Peyton Krebs - PK : Alexander Radulov
Extra Defensemen
Normal : Sean Walker, Juuso Valimaki, Conor Timmins - PP : Sean Walker - PK : Juuso Valimaki, Conor Timmins
Penalty Shots
Viktor Arvidsson, Jesperi Kotkaniemi, Sonny Milano, Nicklas Backstrom, Peyton Krebs

Scratches
Zach Senyshyn (Healthy)

% Time on Ice - LOS ANGELES Kings

Lines # - Real PCT - Wanted PCT - Time Play
Normal Forward
1 - 35% - 40% - 15:59
2 - 30% - 30% - 13:40
3 - 28% - 20% - 12:53
4 - 8% - 10% - 3:27
Normal Defense
1 - 38% - 40% - 17:22
2 - 29% - 30% - 13:13
3 - 29% - 20% - 13:20
4 - 4% - 10% - 2:04
PP Forward
1 - 51% - 60% - 4:09
2 - 49% - 40% - 3:55
PP Defense
1 - 55% - 60% - 4:25
2 - 45% - 40% - 3:39
PK Forward
1 - 83% - 60% - 4:55
2 - 17% - 40% - 1:02
PK Defense
1 - 49% - 60% - 2:54
2 - 51% - 40% - 3:03
PK3 Forward
1 - 0% - 60%
2 - 0% - 40%
PK3 Defense
1 - 0% - 60%
2 - 0% - 40%
44 Forward
1 - 0% - 60%
2 - 0% - 40%
44 Defense
1 - 0% - 60%
2 - 0% - 40%
Last Minute Offensive  - 0:00
Last Minute Defensive  - 0:00
Total
Forward - 60:00
Defense - 60:00

% Time on Ice - DALLAS Stars

Lines # - Real PCT - Wanted PCT - Time Play
Normal Forward
1 - 31% - 35% - 14:28
2 - 29% - 30% - 13:27
3 - 21% - 20% - 9:28
4 - 19% - 15% - 8:36
Normal Defense
1 - 38% - 40% - 17:37
2 - 29% - 30% - 13:22
3 - 28% - 20% - 12:45
4 - 5% - 10% - 2:15
PP Forward
1 - 55% - 60% - 3:17
2 - 45% - 40% - 2:40
PP Defense
1 - 46% - 60% - 2:43
2 - 54% - 40% - 3:14
PK Forward
1 - 78% - 60% - 6:17
2 - 22% - 40% - 1:47
PK Defense
1 - 67% - 60% - 5:26
2 - 33% - 40% - 2:38
PK3 Forward
1 - 0% - 60%
2 - 0% - 40%
PK3 Defense
1 - 0% - 60%
2 - 0% - 40%
44 Forward
1 - 0% - 60%
2 - 0% - 40%
44 Defense
1 - 0% - 60%
2 - 0% - 40%
Last Minute Offensive  - 0:00
Last Minute Defensive  - 0:00
Total
Forward - 60:00
Defense - 60:00

Play-by-Play

1st period


0:01 of 1st period - Anze Kopitar wins face-off versus Peyton Krebs in neutral zone.
0:54 of 1st period - Off-side.
0:55 of 1st period - Jesperi Kotkaniemi wins face-off versus Dawson Mercer in neutral zone.
1:02 of 1st period - Shot by Jesperi Kotkaniemi.
1:02 of 1st period - Deflect By Brendan Gallagher.
1:02 of 1st period - Stopped by Vitek Vanecek without a rebound.
1:03 of 1st period - Paul Cotter wins face-off versus Oskar Sundqvist in LOS ANGELES Kings zone.
1:28 of 1st period - Icing by Oskar Sundqvist.
1:29 of 1st period - Jesperi Kotkaniemi wins face-off versus Oskar Sundqvist in LOS ANGELES Kings zone.
1:44 of 1st period - Shot by Jesperi Kotkaniemi.
1:44 of 1st period - Stopped by Vitek Vanecek without a rebound.
1:45 of 1st period - Alexander Radulov wins face-off versus Dawson Mercer in LOS ANGELES Kings zone.
1:46 of 1st period - Shot by Cal Clutterbuck.
1:46 of 1st period - Shot Misses the Net.
2:08 of 1st period - Dominik Kubalik is hit by Patrik Nemeth and loses puck.
2:13 of 1st period - Shot by Mark Stone.
2:13 of 1st period - Deflect By Dominik Kubalik.
2:13 of 1st period - Stopped by Matthew Villalta without a rebound.
2:14 of 1st period - Anze Kopitar wins face-off versus Jesperi Kotkaniemi in DALLAS Stars zone.
2:20 of 1st period - Icing by Marc-Edouard Vlasic.
2:21 of 1st period - Anze Kopitar wins face-off versus Emil Bemstrom in DALLAS Stars zone.
2:24 of 1st period - Shot by Joel Kiviranta.
2:24 of 1st period - Stopped by Matthew Villalta with a rebound.
2:34 of 1st period - Shot by Brendan Gallagher.
2:34 of 1st period - Stopped by Vitek Vanecek without a rebound.
2:35 of 1st period - Paul Cotter wins face-off versus Dawson Mercer in LOS ANGELES Kings zone.
2:39 of 1st period - Icing by Mark Stone.
2:40 of 1st period - Jesperi Kotkaniemi wins face-off versus Dawson Mercer in LOS ANGELES Kings zone.
3:06 of 1st period - Shot by Jesperi Kotkaniemi.
3:06 of 1st period - Stopped by Vitek Vanecek without a rebound.
3:07 of 1st period - Peyton Krebs wins face-off versus Anze Kopitar in LOS ANGELES Kings zone.
4:22 of 1st period - Rem Pitlick is hit by Paul Cotter and loses puck.
4:27 of 1st period - Shot by Paul Cotter.
4:27 of 1st period - Stopped by Vitek Vanecek without a rebound.
4:28 of 1st period - Alexander Radulov wins face-off versus Dawson Mercer in LOS ANGELES Kings zone.
4:28 of 1st period - Alexander Radulov is hit by Marcus Pettersson.
4:51 of 1st period - Icing by Calle Rosen.
4:52 of 1st period - Dawson Mercer wins face-off versus Jesperi Kotkaniemi in LOS ANGELES Kings zone.
5:32 of 1st period - Shot by Mitchell Marner.
5:32 of 1st period - Deflect By Jonathan Huberdeau.
5:32 of 1st period - Stopped by Matthew Villalta without a rebound.
5:33 of 1st period - Anze Kopitar wins face-off versus Paul Cotter in DALLAS Stars zone.
5:39 of 1st period - Minor Penalty to Aliaksei Protas for Slashing.
5:40 of 1st period - Jonathan Huberdeau wins face-off versus Paul Cotter in DALLAS Stars zone.
6:03 of 1st period - Conor Timmins is hit by Jonathan Huberdeau and loses puck.
7:08 of 1st period - Shot by Mark Stone.
7:08 of 1st period - Shot Misses the Net.
7:59 of 1st period - Sean Walker is hit by Oskar Sundqvist and loses puck.
8:26 of 1st period - Shot by Anze Kopitar.
8:26 of 1st period - Stopped by Matthew Villalta without a rebound.
8:27 of 1st period - Dominik Kubalik wins face-off versus Peyton Krebs in DALLAS Stars zone.
9:00 of 1st period - Shot by Dawson Mercer.
9:00 of 1st period - Stopped by Matthew Villalta with a rebound.
9:13 of 1st period - Ryan Suter is hit by Jonathan Huberdeau and loses puck.
9:33 of 1st period - Shot by Anze Kopitar.
9:33 of 1st period - Deflect By Mitchell Marner.
9:33 of 1st period - Stopped by Matthew Villalta without a rebound.
9:34 of 1st period - Oskar Sundqvist wins face-off versus Paul Cotter in DALLAS Stars zone.
9:34 of 1st period - Hampus Lindholm is hit by Conor Timmins and loses puck.
9:51 of 1st period - Shot by Carl Grundstrom.
9:51 of 1st period - Stopped by Matthew Villalta without a rebound.
9:52 of 1st period - Jesperi Kotkaniemi wins face-off versus Anze Kopitar in DALLAS Stars zone.
10:14 of 1st period - Shot by Jesperi Kotkaniemi.
10:14 of 1st period - Stopped by Vitek Vanecek without a rebound.
10:15 of 1st period - Paul Cotter wins face-off versus Dawson Mercer in LOS ANGELES Kings zone.
11:21 of 1st period - Icing by Hampus Lindholm.
11:22 of 1st period - Anze Kopitar wins face-off versus Peyton Krebs in LOS ANGELES Kings zone.
11:45 of 1st period - Shot by Jonathan Huberdeau.
11:45 of 1st period - Shot Misses the Net.
11:51 of 1st period - Shot by Anze Kopitar.
11:51 of 1st period - Stopped by Matthew Villalta without a rebound.
11:52 of 1st period - Oskar Sundqvist wins face-off versus Jesperi Kotkaniemi in DALLAS Stars zone.
12:06 of 1st period - Shot by Emil Bemstrom.
12:06 of 1st period - Stopped by Vitek Vanecek without a rebound.
12:07 of 1st period - Anze Kopitar wins face-off versus Paul Cotter in LOS ANGELES Kings zone.
12:07 of 1st period - Anze Kopitar is hit by Nicklas Backstrom.
12:13 of 1st period - Shot by Drew Doughty.
12:13 of 1st period - Deflect By Anze Kopitar.
12:13 of 1st period - Stopped by Matthew Villalta without a rebound.
12:14 of 1st period - Anze Kopitar wins face-off versus Jesperi Kotkaniemi in DALLAS Stars zone.
12:31 of 1st period - Shot by Jesperi Kotkaniemi.
12:31 of 1st period - Stopped by Vitek Vanecek without a rebound.
12:32 of 1st period - Sonny Milano wins face-off versus Oskar Sundqvist in LOS ANGELES Kings zone.
12:53 of 1st period - Shot by Oskar Sundqvist.
12:53 of 1st period - Deflect By Carl Grundstrom.
12:53 of 1st period - Shot Blocked by Conor Timmins.
13:52 of 1st period - Shot by Brendan Gallagher.
13:52 of 1st period - Stopped by Vitek Vanecek without a rebound.
13:53 of 1st period - Paul Cotter wins face-off versus Dawson Mercer in LOS ANGELES Kings zone.
14:00 of 1st period - Patrik Nemeth is hit by Dominik Kubalik and loses puck.
15:07 of 1st period - Ryan Suter is hit by Jonathan Huberdeau and loses puck.
15:42 of 1st period - Shot by Mitchell Marner.
15:42 of 1st period - Shot Misses the Net.
16:10 of 1st period - Shot by Viktor Arvidsson.
16:10 of 1st period - Shot Misses the Net.
16:12 of 1st period - Shot by Marc-Edouard Vlasic.
16:12 of 1st period - Shot Misses the Net.
16:14 of 1st period - Shot by Sonny Milano.
16:14 of 1st period - Shot Misses the Net.
16:24 of 1st period - Shot by Peyton Krebs.
16:24 of 1st period - Shot Misses the Net.
16:26 of 1st period - Shot by Peyton Krebs.
16:26 of 1st period - Stopped by Vitek Vanecek without a rebound.
16:27 of 1st period - Alexander Radulov wins face-off versus Oskar Sundqvist in LOS ANGELES Kings zone.
17:36 of 1st period - Shot by Viktor Arvidsson.
17:36 of 1st period - Stopped by Vitek Vanecek without a rebound.
17:37 of 1st period - Dominik Kubalik wins face-off versus Peyton Krebs in LOS ANGELES Kings zone.
18:10 of 1st period - Shot by Peyton Krebs.
18:10 of 1st period - Goal by Peyton Krebs - LOS ANGELES Kings : 0 - DALLAS Stars : 1.
18:11 of 1st period - Anze Kopitar wins face-off versus Jesperi Kotkaniemi in neutral zone.
19:31 of 1st period - Shot by Rem Pitlick.
19:31 of 1st period - Shot Misses the Net.
19:33 of 1st period - Shot by Marc Staal.
19:33 of 1st period - Stopped by Matthew Villalta without a rebound.
19:34 of 1st period - Peyton Krebs wins face-off versus Dawson Mercer in DALLAS Stars zone.
19:53 of 1st period - Shot by Viktor Arvidsson.
19:53 of 1st period - Stopped by Vitek Vanecek with a rebound.
19:59 of 1st period - Shot by Viktor Arvidsson.
19:59 of 1st period - Shot Misses the Net.
Goals for this period are 0 for LOS ANGELES Kings vs 1 for DALLAS Stars.
Shots for this period are 10 for LOS ANGELES Kings vs 13 for DALLAS Stars.

2nd period


0:01 of 2nd period - Peyton Krebs wins face-off versus Anze Kopitar in neutral zone.
0:13 of 2nd period - Icing by Mitchell Marner.
0:14 of 2nd period - Anze Kopitar wins face-off versus Emil Bemstrom in LOS ANGELES Kings zone.
0:14 of 2nd period - Rasmus Andersson is hit by Jesperi Kotkaniemi and loses puck.
0:22 of 2nd period - Rasmus Andersson is hit by Conor Timmins.
0:24 of 2nd period - Shot by Mitchell Marner.
0:24 of 2nd period - Shot Misses the Net.
0:26 of 2nd period - Shot by Rasmus Andersson.
0:26 of 2nd period - Shot Hit the Post.
0:30 of 2nd period - Shot by Anze Kopitar.
0:30 of 2nd period - Shot Misses the Net.
0:44 of 2nd period - Shot by Mitchell Marner.
0:44 of 2nd period - Shot Misses the Net.
0:46 of 2nd period - Shot by Jonathan Huberdeau.
0:46 of 2nd period - Shot Misses the Net.
0:50 of 2nd period - Shot by Anze Kopitar.
0:50 of 2nd period - Shot Misses the Net.
0:52 of 2nd period - Shot by Hampus Lindholm.
0:52 of 2nd period - Stopped by Matthew Villalta without a rebound.
0:53 of 2nd period - Dominik Kubalik wins face-off versus Peyton Krebs in DALLAS Stars zone.
0:58 of 2nd period - Shot by Dawson Mercer.
0:58 of 2nd period - Shot Blocked by Ryan Suter.
2:57 of 2nd period - Shot by Anze Kopitar.
2:57 of 2nd period - Shot Misses the Net.
2:59 of 2nd period - Shot by Marc Staal.
2:59 of 2nd period - Shot Misses the Net.
3:33 of 2nd period - Shot by Mitchell Marner.
3:33 of 2nd period - Shot Blocked by Sean Walker.
3:59 of 2nd period - Shot by Dawson Mercer.
3:59 of 2nd period - Shot Blocked by Sean Walker.
4:01 of 2nd period - Shot by Dawson Mercer.
4:01 of 2nd period - Stopped by Matthew Villalta without a rebound.
4:02 of 2nd period - Peyton Krebs wins face-off versus Anze Kopitar in DALLAS Stars zone.
4:27 of 2nd period - Shot by Joel Kiviranta.
4:27 of 2nd period - Stopped by Matthew Villalta without a rebound.
4:28 of 2nd period - Jesperi Kotkaniemi wins face-off versus Dawson Mercer in DALLAS Stars zone.
4:30 of 2nd period - Marc-Edouard Vlasic is hit by Dominik Kubalik and loses puck.
4:37 of 2nd period - Icing by Marc-Edouard Vlasic.
4:38 of 2nd period - Oskar Sundqvist wins face-off versus Jesperi Kotkaniemi in DALLAS Stars zone.
4:47 of 2nd period - Hampus Lindholm is hit by Jesperi Kotkaniemi and loses puck.
4:52 of 2nd period - Shot by Emil Bemstrom.
4:52 of 2nd period - Stopped by Vitek Vanecek with a rebound.
4:54 of 2nd period - Shot by Emil Bemstrom.
4:54 of 2nd period - Stopped by Vitek Vanecek without a rebound.
4:55 of 2nd period - Dawson Mercer wins face-off versus Peyton Krebs in LOS ANGELES Kings zone.
5:30 of 2nd period - Viktor Arvidsson is hit by Dominik Kubalik and loses puck.
6:04 of 2nd period - Shot by Jonathan Huberdeau.
6:04 of 2nd period - Stopped by Matthew Villalta without a rebound.
6:05 of 2nd period - Jesperi Kotkaniemi wins face-off versus Oskar Sundqvist in DALLAS Stars zone.
6:05 of 2nd period - Jesperi Kotkaniemi is hit by Rem Pitlick.
6:39 of 2nd period - Marc-Edouard Vlasic is hit by Marcus Pettersson and loses puck.
6:55 of 2nd period - Icing by Marcus Pettersson.
6:56 of 2nd period - Paul Cotter wins face-off versus Oskar Sundqvist in LOS ANGELES Kings zone.
6:57 of 2nd period - Shot by Aliaksei Protas.
6:57 of 2nd period - Stopped by Vitek Vanecek without a rebound.
6:58 of 2nd period - Anze Kopitar wins face-off versus Paul Cotter in LOS ANGELES Kings zone.
7:45 of 2nd period - Icing by Rasmus Andersson.
7:46 of 2nd period - Anze Kopitar wins face-off versus Peyton Krebs in LOS ANGELES Kings zone.
8:06 of 2nd period - Peyton Krebs is hit by Drew Doughty and loses puck.
8:11 of 2nd period - Shot by Peyton Krebs.
8:11 of 2nd period - Shot Misses the Net.
8:13 of 2nd period - Shot by Ryan Suter.
8:13 of 2nd period - Shot Misses the Net.
8:15 of 2nd period - Shot by Peyton Krebs.
8:15 of 2nd period - Shot Hit the Post.
8:17 of 2nd period - Shot by Ryan Suter.
8:17 of 2nd period - Stopped by Vitek Vanecek with a rebound.
8:45 of 2nd period - Off-side.
8:46 of 2nd period - Jesperi Kotkaniemi wins face-off versus Dawson Mercer in neutral zone.
8:52 of 2nd period - Marc-Edouard Vlasic is hit by Hampus Lindholm.
9:13 of 2nd period - Marc-Edouard Vlasic is hit by Mark Stone.
9:21 of 2nd period - Minor Penalty to Mark Stone for Roughing.
9:22 of 2nd period - Jesperi Kotkaniemi wins face-off versus Dawson Mercer in LOS ANGELES Kings zone.
9:25 of 2nd period - Shot by Ryan Suter.
9:25 of 2nd period - Stopped by Vitek Vanecek without a rebound.
9:26 of 2nd period - Jesperi Kotkaniemi wins face-off versus Dawson Mercer in LOS ANGELES Kings zone.
9:56 of 2nd period - Icing by Ryan Suter.
9:57 of 2nd period - Jesperi Kotkaniemi wins face-off versus Dawson Mercer in DALLAS Stars zone.
10:08 of 2nd period - Shot by Jesperi Kotkaniemi.
10:08 of 2nd period - Shot Blocked by Rasmus Andersson.
10:25 of 2nd period - Peyton Krebs is hit by Hampus Lindholm and loses puck.
10:38 of 2nd period - Shot by Conor Timmins.
10:38 of 2nd period - Stopped by Vitek Vanecek without a rebound.
10:39 of 2nd period - Dawson Mercer wins face-off versus Peyton Krebs in LOS ANGELES Kings zone.
10:49 of 2nd period - Off-side.
10:50 of 2nd period - Dawson Mercer wins face-off versus Jesperi Kotkaniemi in neutral zone.
10:53 of 2nd period - Shot by Rasmus Andersson.
10:53 of 2nd period - Shot Misses the Net.
11:20 of 2nd period - Shot by Juuso Valimaki.
11:20 of 2nd period - Stopped by Vitek Vanecek without a rebound.
11:21 of 2nd period - Alexander Radulov wins face-off versus Oskar Sundqvist in LOS ANGELES Kings zone.
11:40 of 2nd period - Shot by Cal Clutterbuck.
11:40 of 2nd period - Stopped by Vitek Vanecek without a rebound.
11:41 of 2nd period - Anze Kopitar wins face-off versus Paul Cotter in LOS ANGELES Kings zone.
11:47 of 2nd period - Off-side.
11:48 of 2nd period - Anze Kopitar wins face-off versus Peyton Krebs in neutral zone.
12:08 of 2nd period - Shot by Anze Kopitar.
12:08 of 2nd period - Stopped by Matthew Villalta without a rebound.
12:09 of 2nd period - Jesperi Kotkaniemi wins face-off versus Mark Stone in DALLAS Stars zone.
12:23 of 2nd period - Shot by Dominik Kubalik.
12:23 of 2nd period - Shot Misses the Net.
12:27 of 2nd period - Shot by Dawson Mercer.
12:27 of 2nd period - Shot Blocked by Juuso Valimaki.
12:29 of 2nd period - Shot by Mark Stone.
12:29 of 2nd period - Shot Blocked by Ryan Suter.
12:31 of 2nd period - Shot by Drew Doughty.
12:31 of 2nd period - Stopped by Matthew Villalta without a rebound.
12:32 of 2nd period - Anze Kopitar wins face-off versus Peyton Krebs in DALLAS Stars zone.
12:37 of 2nd period - Shot by Jonathan Huberdeau.
12:37 of 2nd period - Shot Misses the Net.
12:39 of 2nd period - Shot by Anze Kopitar.
12:39 of 2nd period - Shot Misses the Net.
12:41 of 2nd period - Shot by Marc Staal.
12:41 of 2nd period - Stopped by Matthew Villalta without a rebound.
12:42 of 2nd period - Paul Cotter wins face-off versus Anze Kopitar in DALLAS Stars zone.
12:42 of 2nd period - Paul Cotter is hit by Mitchell Marner.
12:49 of 2nd period - Aliaksei Protas is hit by Hampus Lindholm and loses puck.
13:51 of 2nd period - Shot by Calle Rosen.
13:51 of 2nd period - Shot Blocked by Aliaksei Protas.
14:31 of 2nd period - Shot by Oskar Sundqvist.
14:31 of 2nd period - Shot Misses the Net.
14:33 of 2nd period - Shot by Rasmus Andersson.
14:33 of 2nd period - Shot Misses the Net.
14:46 of 2nd period - Oskar Sundqvist is hit by Juuso Valimaki and loses puck.
14:56 of 2nd period - Rem Pitlick is hit by Ryan Suter and loses puck.
15:22 of 2nd period - Joel Kiviranta is hit by Juuso Valimaki and loses puck.
15:29 of 2nd period - Shot by Anze Kopitar.
15:29 of 2nd period - Shot Misses the Net.
15:31 of 2nd period - Shot by Marc Staal.
15:31 of 2nd period - Stopped by Matthew Villalta without a rebound.
15:32 of 2nd period - Dawson Mercer wins face-off versus Peyton Krebs in DALLAS Stars zone.
15:33 of 2nd period - Shot by Dominik Kubalik.
15:33 of 2nd period - Shot Misses the Net.
15:35 of 2nd period - Shot by Marcus Pettersson.
15:35 of 2nd period - Shot Misses the Net.
15:37 of 2nd period - Shot by Dawson Mercer.
15:37 of 2nd period - Shot Misses the Net.
16:44 of 2nd period - Icing by Mitchell Marner.
16:45 of 2nd period - Alexander Radulov wins face-off versus Jonathan Huberdeau in LOS ANGELES Kings zone.
16:45 of 2nd period - Alexander Radulov is hit by Hampus Lindholm.
16:49 of 2nd period - Shot by Cal Clutterbuck.
16:49 of 2nd period - Stopped by Vitek Vanecek without a rebound.
16:50 of 2nd period - Jesperi Kotkaniemi wins face-off versus Oskar Sundqvist in LOS ANGELES Kings zone.
18:14 of 2nd period - Shot by Cal Clutterbuck.
18:14 of 2nd period - Stopped by Vitek Vanecek without a rebound.
18:15 of 2nd period - Peyton Krebs wins face-off versus Dawson Mercer in LOS ANGELES Kings zone.
18:28 of 2nd period - Shot by Dawson Mercer.
18:28 of 2nd period - Shot Misses the Net.
19:03 of 2nd period - Minor Penalty to Jonathan Huberdeau for Hooking.
19:04 of 2nd period - Dawson Mercer wins face-off versus Viktor Arvidsson in LOS ANGELES Kings zone.
19:23 of 2nd period - Shot by Jesperi Kotkaniemi.
19:23 of 2nd period - Shot Misses the Net.
19:30 of 2nd period - Icing by Jesperi Kotkaniemi.
19:31 of 2nd period - Jesperi Kotkaniemi wins face-off versus Dawson Mercer in DALLAS Stars zone.
19:36 of 2nd period - Shot by Conor Timmins.
19:36 of 2nd period - Shot Misses the Net.
Goals for this period are 0 for LOS ANGELES Kings vs 0 for DALLAS Stars.
Shots for this period are 8 for LOS ANGELES Kings vs 10 for DALLAS Stars.

3rd period


0:01 of 3rd period - Viktor Arvidsson wins face-off versus Dawson Mercer in neutral zone.
0:28 of 3rd period - Shot by Juuso Valimaki.
0:28 of 3rd period - Stopped by Vitek Vanecek without a rebound.
0:29 of 3rd period - Dawson Mercer wins face-off versus Peyton Krebs in LOS ANGELES Kings zone.
1:22 of 3rd period - Shot by Aliaksei Protas.
1:22 of 3rd period - Deflect By Paul Cotter.
1:22 of 3rd period - Stopped by Vitek Vanecek without a rebound.
1:23 of 3rd period - Anze Kopitar wins face-off versus Andreas Johnsson in LOS ANGELES Kings zone.
1:48 of 3rd period - Shot by Mitchell Marner.
1:48 of 3rd period - Shot Misses the Net.
2:14 of 3rd period - Icing by Ryan Suter.
2:15 of 3rd period - Dawson Mercer wins face-off versus Alexander Radulov in DALLAS Stars zone.
2:29 of 3rd period - Off-side.
2:30 of 3rd period - Peyton Krebs wins face-off versus Oskar Sundqvist in neutral zone.
2:35 of 3rd period - Shot by Sonny Milano.
2:35 of 3rd period - Stopped by Vitek Vanecek without a rebound.
2:36 of 3rd period - Jesperi Kotkaniemi wins face-off versus Dawson Mercer in LOS ANGELES Kings zone.
2:48 of 3rd period - Minor Penalty to Marc-Edouard Vlasic for Holding.
2:49 of 3rd period - Anze Kopitar wins face-off versus Paul Cotter in DALLAS Stars zone.
2:56 of 3rd period - Shot by Anze Kopitar.
2:56 of 3rd period - Shot Misses the Net.
3:08 of 3rd period - Paul Cotter is hit by Jonathan Huberdeau.
3:45 of 3rd period - Shot by Dawson Mercer.
3:45 of 3rd period - Shot Blocked by Sean Walker.
3:47 of 3rd period - Shot by Calle Rosen.
3:47 of 3rd period - Deflect By Dominik Kubalik.
3:47 of 3rd period - Shot Misses the Net.
3:49 of 3rd period - Shot by Hampus Lindholm.
3:49 of 3rd period - Stopped by Matthew Villalta without a rebound.
3:50 of 3rd period - Dawson Mercer wins face-off versus Sonny Milano in DALLAS Stars zone.
3:51 of 3rd period - Shot by Hampus Lindholm.
3:51 of 3rd period - Shot Misses the Net.
4:07 of 3rd period - Shot by Hampus Lindholm.
4:07 of 3rd period - Shot Misses the Net.
4:09 of 3rd period - Shot by Hampus Lindholm.
4:09 of 3rd period - Shot Misses the Net.
4:11 of 3rd period - Shot by Dominik Kubalik.
4:11 of 3rd period - Stopped by Matthew Villalta without a rebound.
4:12 of 3rd period - Anze Kopitar wins face-off versus Paul Cotter in DALLAS Stars zone.
4:25 of 3rd period - Off-side.
4:26 of 3rd period - Dawson Mercer wins face-off versus Paul Cotter in neutral zone.
5:16 of 3rd period - Shot by Alexander Radulov.
5:16 of 3rd period - Shot Misses the Net.
5:18 of 3rd period - Shot by Ryan Suter.
5:18 of 3rd period - Shot Blocked by Rasmus Andersson.
5:22 of 3rd period - Shot by Cal Clutterbuck.
5:22 of 3rd period - Stopped by Vitek Vanecek without a rebound.
5:23 of 3rd period - Anze Kopitar wins face-off versus Peyton Krebs in LOS ANGELES Kings zone.
5:36 of 3rd period - Shot by Jonathan Huberdeau.
5:36 of 3rd period - Shot Misses the Net.
6:04 of 3rd period - Shot by Viktor Arvidsson.
6:04 of 3rd period - Shot Blocked by Marc Staal.
7:00 of 3rd period - Dawson Mercer is hit by Ryan Suter and loses puck.
7:07 of 3rd period - Dawson Mercer is hit by Paul Cotter and loses puck.
7:16 of 3rd period - Shot by Ryan Suter.
7:16 of 3rd period - Stopped by Vitek Vanecek without a rebound.
7:17 of 3rd period - Oskar Sundqvist wins face-off versus Alexander Radulov in LOS ANGELES Kings zone.
7:17 of 3rd period - Oskar Sundqvist is hit by Cal Clutterbuck.
7:25 of 3rd period - Shot by Carl Grundstrom.
7:25 of 3rd period - Goal by Carl Grundstrom - LOS ANGELES Kings : 1 - DALLAS Stars : 1.
7:26 of 3rd period - Anze Kopitar wins face-off versus Peyton Krebs in neutral zone.
7:57 of 3rd period - Shot by Anze Kopitar.
7:57 of 3rd period - Shot Blocked by Ryan Suter.
7:59 of 3rd period - Shot by Rasmus Andersson.
7:59 of 3rd period - Stopped by Matthew Villalta without a rebound.
8:00 of 3rd period - Carl Grundstrom wins face-off versus Jesperi Kotkaniemi in DALLAS Stars zone.
8:01 of 3rd period - Shot by Hampus Lindholm.
8:01 of 3rd period - Stopped by Matthew Villalta with a rebound.
8:03 of 3rd period - Shot by Rem Pitlick.
8:03 of 3rd period - Shot Misses the Net.
8:41 of 3rd period - Carl Grundstrom is hit by Conor Timmins and loses puck.
9:18 of 3rd period - Minor Penalty to Conor Timmins for Cross-checking.
9:19 of 3rd period - Dawson Mercer wins face-off versus Paul Cotter in DALLAS Stars zone.
10:09 of 3rd period - Icing by Hampus Lindholm.
10:10 of 3rd period - Dominik Kubalik wins face-off versus Paul Cotter in LOS ANGELES Kings zone.
10:10 of 3rd period - Dominik Kubalik is hit by Paul Cotter.
10:42 of 3rd period - Shot by Anze Kopitar.
10:42 of 3rd period - Shot Misses the Net.
10:44 of 3rd period - Shot by Drew Doughty.
10:44 of 3rd period - Stopped by Matthew Villalta without a rebound.
10:45 of 3rd period - Anze Kopitar wins face-off versus Sonny Milano in DALLAS Stars zone.
11:12 of 3rd period - Shot by Rasmus Andersson.
11:12 of 3rd period - Stopped by Matthew Villalta with a rebound.
11:14 of 3rd period - Shot by Rasmus Andersson.
11:14 of 3rd period - Shot Misses the Net.
12:31 of 3rd period - Shot by Viktor Arvidsson.
12:31 of 3rd period - Stopped by Vitek Vanecek without a rebound.
12:32 of 3rd period - Pierre Engvall wins face-off versus Jesperi Kotkaniemi in LOS ANGELES Kings zone.
12:32 of 3rd period - Pierre Engvall is hit by Brendan Gallagher.
12:53 of 3rd period - Shot by Emil Bemstrom.
12:53 of 3rd period - Stopped by Vitek Vanecek without a rebound.
12:54 of 3rd period - Paul Cotter wins face-off versus Dawson Mercer in LOS ANGELES Kings zone.
12:55 of 3rd period - Shot by Patrik Nemeth.
12:55 of 3rd period - Stopped by Vitek Vanecek without a rebound.
12:56 of 3rd period - Anze Kopitar wins face-off versus Peyton Krebs in LOS ANGELES Kings zone.
13:56 of 3rd period - Minor Penalty to Dominik Kubalik for Roughing.
13:57 of 3rd period - Jesperi Kotkaniemi wins face-off versus Pierre Engvall in LOS ANGELES Kings zone.
16:04 of 3rd period - Shot by Oskar Sundqvist.
16:04 of 3rd period - Shot Misses the Net.
16:21 of 3rd period - Minor Penalty to Aliaksei Protas for High sticking.
16:22 of 3rd period - Dawson Mercer wins face-off versus Paul Cotter in DALLAS Stars zone.
16:25 of 3rd period - Shot by Mark Stone.
16:25 of 3rd period - Shot Misses the Net.
16:27 of 3rd period - Shot by Dawson Mercer.
16:27 of 3rd period - Shot Misses the Net.
16:47 of 3rd period - Shot by Drew Doughty.
16:47 of 3rd period - Shot Hit the Post.
17:13 of 3rd period - Shot by Anze Kopitar.
17:13 of 3rd period - Deflect By Mitchell Marner.
17:13 of 3rd period - Stopped by Matthew Villalta with a rebound.
17:15 of 3rd period - Shot by Anze Kopitar.
17:15 of 3rd period - Shot Blocked by Marc-Edouard Vlasic.
17:37 of 3rd period - Shot by Anze Kopitar.
17:37 of 3rd period - Shot Misses the Net.
17:39 of 3rd period - Shot by Mitchell Marner.
17:39 of 3rd period - Goal by Mitchell Marner - LOS ANGELES Kings : 2 - DALLAS Stars : 1.
17:40 of 3rd period - Rem Pitlick wins face-off versus Alexander Radulov in neutral zone.
17:53 of 3rd period - Shot by Carl Grundstrom.
17:53 of 3rd period - Stopped by Matthew Villalta without a rebound.
17:54 of 3rd period - Jesperi Kotkaniemi wins face-off versus Anze Kopitar in DALLAS Stars zone.
17:56 of 3rd period - Icing by Ryan Suter.
17:57 of 3rd period - Jesperi Kotkaniemi wins face-off versus Oskar Sundqvist in DALLAS Stars zone.
18:37 of 3rd period - Shot by Rasmus Andersson.
18:37 of 3rd period - Stopped by Matthew Villalta without a rebound.
18:38 of 3rd period - Anze Kopitar wins face-off versus Alexander Radulov in DALLAS Stars zone.
18:52 of 3rd period - Mitchell Marner is hit by Marc-Edouard Vlasic and loses puck.
19:10 of 3rd period - Minor Penalty to Conor Timmins for Cross-checking.
19:11 of 3rd period - Paul Cotter wins face-off versus Dominik Kubalik in DALLAS Stars zone.
19:21 of 3rd period - Shot by Drew Doughty.
19:21 of 3rd period - Shot Blocked by Paul Cotter.
19:25 of 3rd period - Shot by Rasmus Andersson.
19:25 of 3rd period - Shot Misses the Net.
19:27 of 3rd period - Shot by Dawson Mercer.
19:27 of 3rd period - Shot Misses the Net.
19:29 of 3rd period - Shot by Drew Doughty.
19:29 of 3rd period - Shot Blocked by Patrik Nemeth.
19:41 of 3rd period - Shot by Drew Doughty.
19:41 of 3rd period - Stopped by Matthew Villalta without a rebound.
19:42 of 3rd period - Anze Kopitar wins face-off versus Sonny Milano in DALLAS Stars zone.
19:42 of 3rd period - Anze Kopitar is hit by Sean Walker.
19:54 of 3rd period - Shot by Hampus Lindholm.
19:54 of 3rd period - Stopped by Matthew Villalta without a rebound.
19:55 of 3rd period - Anze Kopitar wins face-off versus Paul Cotter in DALLAS Stars zone.
Goals for this period are 2 for LOS ANGELES Kings vs 0 for DALLAS Stars.
Shots for this period are 13 for LOS ANGELES Kings vs 8 for DALLAS Stars. Output by the SimonT Hockey Simulator (STHS) for Martin Benoit - Original Page W3C HTML5 Valid
Hockey Simulator - Hockey Simulation - Hockey Manager